 Dungeon Crawl Stone Soup version 0.30-a0-414-gcb316572d5 (webtiles) character file.

Game seed: 8431623893587680932

53 p00ps00p the Trooper (level 3, -7/33 HPs)
             Began as a Hill Orc Fighter on Dec 8, 2022.
             Killed from afar by a steam dragon (16 damage)
             ... with a ball of steam
             ... on level 3 of the Dungeon.
             The game lasted 00:02:27 (1388 turns).

p00ps00p the Trooper (Hill Orc Fighter)             Turns: 1388, Time: 00:02:28

Health: -7/33      AC: 14    Str: 20    XL:     3   Next: 87%
Magic:  3/3        EV:  2    Int:  8    God:
Gold:   145        SH: 13    Dex: 10    Spells: 2/2 levels left

rFire   . . .      SeeInvis .    a - +1 war axe
rCold   . . .      Faith    .    h - +1 tower shield
rNeg    + . .      Spirit   .    e - +0 plate armour
rPois   .          Reflect  .    (no helmet)
rElec   .          Harm     .    (no cloak)
rCorr   .          Rampage  .    k - +0 pair of gloves
Will    .....                    j - +0 pair of boots
Stlth   ..........               (no amulet)
HPRegen 0.25/turn                b - ring of positive energy
MPRegen 0.08/turn                (no ring)

@: mighty
A: no striking features
a: no special abilities


You were on level 3 of the Dungeon.
You visited 1 branch of the dungeon, and saw 3 of its levels.

You collected 145 gold pieces.

Inventory:

Hand Weapons
 a - a +1 war axe (weapon)
Armour
 e - a +0 plate armour (worn)
 h - a +1 tower shield (worn)
 j - a +0 pair of boots (worn)
 k - a +0 pair of gloves (worn)
Jewellery
 b - a ring of positive energy (left hand)
Scrolls
 l - a scroll of immolation
Potions
 c - a potion of flight {unknown}
 d - a potion of might
 f - a potion of curing
 g - 2 potions of heal wounds {unknown}
 i - 2 potions of resistance


   Skills:
 + Level 4.2 Fighting
 + Level 3.5 Axes
 + Level 3.8 Armour
 + Level 3.8 Shields


You had 2 spell levels left.
You didn't know any spells.
Your spell library contained the following spells:

 Spells                   Type           Power      Damage    Failure   Level
 Sandblast                Erth           0%         2d4       100%        1
 Shock                    Conj/Air       0%         1d3       100%        1
 Passwall                 Tmut/Erth      0%         N/A       100%        2
 Stone Arrow              Conj/Erth      0%         3d7       100%        3
 Swiftness                Air            0%         N/A       100%        3
 Airstrike                Air            0%         2d(0-16)  100%        4


Dungeon Overview and Level Annotations

Branches:
Dungeon (3/15)

Altars:
Ru
Xom


Message History

You slash Terence!
You kill Terence!
Things that are here:
a +2 short sword of venom; a +0 scale mail You see here a +0 pair of gloves.
You start putting on your armour.
You continue putting on your +0 pair of gloves. x4
You finish putting on your +0 pair of gloves.
You now have 123 gold pieces (gained 8).
You now have 133 gold pieces (gained 10).
You feel a little less mighty now.
Found a leather armour.
You open the door.
There is an open door here.
Found a stone staircase leading down.
Found a sacrificial altar of Ru.
You now have 145 gold pieces (gained 12).
You open the door.
There is an open door here.
A steam dragon comes into view.
Found a bubbling orange potion.
The steam dragon hisses angrily.
A steam dragon is nearby!
You feel very mighty all of a sudden. The steam dragon breathes steam at you.
The ball of steam hits you!
You are engulfed in a cloud of scalding steam.
You are engulfed in a cloud of scalding steam.
You are engulfed in a cloud of scalding steam.
The steam dragon breathes steam at you. The ball of steam hits you!
You barely miss the steam dragon.
You are engulfed in a cloud of scalding steam.
* * * LOW HITPOINT WARNING * * *
You block the steam dragon's attack.
The steam dragon claws you but does no damage.
You barely miss the steam dragon. You block the steam dragon's attack. x2
The steam dragon breathes steam at you. The ball of steam hits you!
You die...

###..##.#.....≈.≈.≈.≈._≈#
##.........≈........≈≈#
##.......§§§##########
#..[....§.§..>.#
#.......#§######
###'###.#.# #.# #.#.# #.#
#.#§# #.# #.#@# #.# #.#D#
#.# #.#.# #.# #+#.# #..
!.# ..# ..# ...#


You could see a steam dragon (catching breath).

Vanquished Creatures
  Terence (D:3)
  2 worms (D:2)
  2 ball pythons
  2 endoplasms
  3 goblins
  3 hobgoblins
  2 quokkas (D:2)
  3 bats (D:2)
  A frilled lizard (D:2)
  2 kobolds
  A rat (D:2)
22 creatures vanquished.

Notes
Turn   | Place    | Note
-------+----------+-------------------------------------------
     0 | D:1      | p00ps00p the Hill Orc Fighter began the quest for the Orb.
     0 | D:1      | Reached XP level 1. HP: 19/19 MP: 1/1
   571 | D:2      | Reached XP level 2. HP: 27/27 MP: 2/2
  1030 | D:2      | Reached skill level 4 in Fighting
  1030 | D:2      | Reached XP level 3. HP: 19/33 MP: 3/3
  1175 | D:3      | Found a shimmering altar of Xom.
  1256 | D:3      | Noticed Terence
  1268 | D:3      | Killed Terence
  1363 | D:3      | Found a sacrificial altar of Ru.
  1382 | D:3      | Noticed a steam dragon
  1388 | D:3      | Killed from afar by a steam dragon

Illustrated notes

Levels and vault maps discovered:
D:1:      nzn_arrival_crosshair, layout_rooms, minmay_misc_feat_diagonals,
          minmay_misc_feat_secret_circle, kennysheep_nondescript,
          minmay_crystal_water, minmay_misc_feat_roman
D:2:      layout_basic
D:3:      layout_basic, mainiacjoe_overflow_surrounded_room,
          mainiacjoe_overflow_large_starburst, nicolae_overflow_crystal_walls,
          nicolae_ru_path_of_blood, minmay_strange_pillars,
          lexackson_kobold_supper, uniq_terence

Skill      XL: |  1  2 |
---------------+-------+-----
Axes           | 3 |  3.5
Fighting       | 4 |  4.2
Armour         | |  3.8
Shields        | |  3.8

Action                   || total
-------------------------++-------
Melee: War axe           ||    89
  Use: Scroll            ||     8
       Potion            ||     4
Armor: Plate armour      ||    66
Dodge: Dodged            ||     4
Block: Tower shield      ||    70

Table legend: (Time is in decaauts)
 A = Elapsed time spent in this place.
 B = Non-inter-level travel time spent in this place.
 C = Inter-level travel time spent in this place.
 D = Time resting spent in this place.
 E = Time spent auto-exploring this place.
 F = Levels seen in this place.
 G = Mean time per level.
                   A        B        C        D        E       F      G
               +--------+--------+--------+--------+--------+-----+--------+
         Total |   1454 |   1430 |     24 |      0 |   1055 |   3 |  484.7 |
       Dungeon |   1454 |   1430 |     24 |      0 |   1055 |   3 |  484.7 |
               +--------+--------+--------+--------+--------+-----+--------+

Top non-repeatable levels by time:
     D:2: 676 daAuts
     D:1: 536 daAuts
     D:3: 241 daAuts
